[Event "Titled Tuesday Blitz February 07 Late 2023"]
[White "Naroditsky, Daniel"]
[Black "Andreikin, Dmitry"]
[WhiteFideId "2026961"]
[BlackFideId "4158814"]
[WhiteElo "2618"]
[BlackElo "2729"]
[Result "1/2-1/2"]
[Round "07"]
[TimeControl "180+2"]
[Date "2023.02.07"]
[WhiteClock "0:01:00"]
[BlackClock "0:01:05"]

1. e4 e5 2. Nf3 Nc6 3. Bb5 g6 4. c3 d6 5. d4 Bd7 6. O-O Bg7 7. dxe5 Nxe5 8. Bxd7+ Nxd7 9. Bg5 Ngf6 10. Nbd2 O-O 11. Re1 Re8 12. Qc2 h6 13. Bh4 Qc8 14. Rad1 Nh5 15. Bg3 a5 16. Nc4 Nxg3 17. hxg3 a4 18. Re2 b5 19. Ne3 Qb7 20. Nd5 Nc5 21. Rde1 c6 22. Nf4 Re7 23. e5 dxe5 24. Nxe5 Rae8 25. Ned3 Rxe2 26. Rxe2 Rxe2 27. Qxe2 Nxd3 28. Qxd3 Qe7 29. Qe2 Qxe2 30. Nxe2 f5 31. f3 Kf7 32. Kf2 g5 33. g4 Ke6 34. gxf5+ Kxf5 35. g4+ Ke6 36. Ke3 Kd5 37. b3 1/2-1/2


[Site "https://www.chess.com"]

[Event "Titled Tuesday Blitz February 07 Late 2023"]
[White "Hakobyan, Aram"]
[Black "Deac, Bogdan-Daniel"]
[WhiteFideId "13306677"]
[BlackFideId "1226380"]
[WhiteElo "2608"]
[BlackElo "2700"]
[Result "1-0"]
[Round "07"]
[TimeControl "180+2"]
[Date "2023.02.07"]
[WhiteClock "0:00:58"]
[BlackClock "0:00:01"]

1. e4 e5 2. Nf3 Nc6 3. Bc4 d6 4. Nc3 Be7 5. d4 Nf6 6. h3 O-O 7. dxe5 Nxe5 8. Bb3 a6 9. O-O b5 10. a4 b4 11. Nxe5 dxe5 12. Nd5 Bb7 13. Nxe7+ Qxe7 14. f3 a5 15. Be3 Ba6 16. Rf2 Rad8 17. Rd2 Rxd2 18. Qxd2 Rd8 19. Qf2 Nh5 20. Re1 Bc8 21. Kh2 Be6 22. Re2 Bxb3 23. cxb3 Qe6 24. Rc2 Qxb3 25. Rxc7 Nf6 26. Bg5 Qe6 27. Rb7 h6 28. Rb6 Rd6 29. Rb8+ Kh7 30. Be3 Qb3 31. Rb5 Qxa4 32. Rxe5 Qa2 33. Rf5 Re6 34. Bd4 Qc4 35. Rxa5 b3 36. Rc5 1-0


[Site "https://www.chess.com"]

[Event "Titled Tuesday Blitz February 07 Late 2023"]
[White "Fedoseev, Vladimir"]
[Black "Bortnyk, Olexandr"]
[WhiteFideId "24130737"]
[BlackFideId "14120828"]
[WhiteElo "2680"]
[BlackElo "2605"]
[Result "1/2-1/2"]
[Round "07"]
[TimeControl "180+2"]
[Date "2023.02.07"]
[WhiteClock "0:00:17"]
[BlackClock "0:00:07"]

1. Nf3 Nf6 2. d4 b6 3. g3 Bb7 4. Bg2 g6 5. O-O Bg7 6. c4 O-O 7. Qc2 Be4 8. Qd1 Bb7 9. Qc2 Be4 10. Qb3 Nc6 11. Nbd2 d5 12. Qa4 Qd7 13. Re1 Bxf3 14. Nxf3 Nxd4 15. Qxd7 Nxf3+ 16. exf3 Nxd7 17. Rxe7 Rad8 18. cxd5 Rfe8 19. Rxe8+ Rxe8 20. Kf1 Nf6 21. d6 cxd6 22. Bd2 Nd7 23. Rb1 Rc8 24. Rc1 Rxc1+ 25. Bxc1 Kf8 26. f4 f5 27. Ke2 Ke7 28. Kd3 Nc5+ 29. Kc4 Kd7 30. b4 Na6 31. Be3 Nc7 32. a4 Ke6 33. a5 d5+ 34. Kb3 d4 35. Bd2 Kd6 36. axb6 axb6 37. Kc4 b5+ 38. Kd3 Nd5 39. Bf3 h5 40. Be2 Bf6 41. Kc2 Kc6 42. Bd3 Be7 43. Kb3 Bf6 44. h3 Ne7 45. Be2 Nd5 46. Bf3 Kd6 47. g4 hxg4 48. hxg4 Bg7 49. gxf5 gxf5 50. Be2 Kc6 51. Bd3 Ne7 52. Kc2 Bh6 53. Kd1 Nd5 54. Bxf5 Nxf4 55. Be4+ Kd6 56. Kc2 Bg5 57. Kb3 Ne6 58. Be1 Bf4 59. Bd3 Kc6 60. Kc2 Ng5 61. Be2 Ne6 62. Kd3 Bc1 63. Ke4 Bb2 64. Bd3 Nc7 65. f4 Nd5 66. Bxb5+ Kxb5 67. Kxd5 Bc3 68. Bf2 d3 69. Be3 d2 70. Bxd2 Bxd2 71. f5 Bxb4 72. f6 Bf8 73. Ke6 Ba3 74. Kf7 Bb4 75. Kg6 Kc6 76. f7 Kd7 77. f8=Q Bxf8 1/2-1/2


[Site "https://www.chess.com"]

[Event "Titled Tuesday Blitz February 07 Late 2023"]
[White "Paravyan, David"]
[Black "Yoo, Christopher Woojin"]
[WhiteFideId "4194985"]
[BlackFideId "30909694"]
[WhiteElo "2601"]
[BlackElo "2607"]
[Result "0-1"]
[Round "07"]
[TimeControl "180+2"]
[Date "2023.02.07"]
[WhiteClock "0:00:02"]
[BlackClock "0:00:05"]

1. Nf3 Nf6 2. c4 e6 3. g3 b6 4. Bg2 Bb7 5. d4 Bb4+ 6. Bd2 a5 7. O-O O-O 8. Bf4 Be7 9. Nc3 Ne4 10. Qc2 Nxc3 11. bxc3 d6 12. h4 Qc8 13. Bg5 Bxg5 14. Nxg5 g6 15. Bxb7 Qxb7 16. e4 Nd7 17. Rae1 h6 18. Nh3 e5 19. Qd2 Kg7 20. h5 Nf6 21. hxg6 fxg6 22. f3 Rf7 23. g4 Qc8 24. Qh2 Nd7 25. f4 Nf6 26. f5 Nxg4 27. Qg3 gxf5 28. exf5 Kh8 29. Re4 Nf6 30. Rh4 Rh7 31. dxe5 Qg8 32. Kh2 Qxg3+ 33. Kxg3 dxe5 34. Re1 Rg8+ 35. Kf3 e4+ 36. Kf2 Rg4 37. Rxg4 Nxg4+ 38. Kg3 Rg7 39. Nf4 Ne5+ 40. Kh3 Nf3 41. Re3 Rg1 42. f6 Kg8 43. Nd5 Kf7 44. Nxc7 Ng5+ 45. Kh2 Rb1 46. c5 Rb2+ 47. Kg3 bxc5 48. Na6 Rxa2 49. Nxc5 a4 50. Nxe4 Nxe4+ 51. Rxe4 Kxf6 52. Rb4 a3 53. Ra4 Ra1 54. Kg2 h5 55. Kh2 Kg5 56. Kg2 Kf5 57. Ra5+ Ke4 58. Rxh5 Ra2+ 59. Kg3 Rc2 60. Ra5 a2 61. c4 Kd4 62. c5 Kc4 63. c6 Kb3 64. Rb5+ Ka4 65. Rb8 Rxc6 66. Ra8+ Kb3 67. Rb8+ Ka3 68. Ra8+ Kb2 69. Rb8+ Kc1 70. Ra8 Rc2 71. Kf3 Kb1 0-1


[Site "https://www.chess.com"]

[Event "Titled Tuesday Blitz February 07 Late 2023"]
[White "Suleymanli, Aydin"]
[Black "So, Wesley"]
[WhiteFideId "13413937"]
[BlackFideId "5202213"]
[WhiteElo "2560"]
[BlackElo "2760"]
[Result "0-1"]
[Round "07"]
[TimeControl "180+2"]
[Date "2023.02.07"]
[WhiteClock "0:00:01"]
[BlackClock "0:00:20"]

1. c4 e5 2. Nc3 Bb4 3. Qc2 Nf6 4. Nf3 Nc6 5. Nd5 O-O 6. a3 Bd6 7. Nc3 Re8 8. e3 b6 9. Bd3 Bb7 10. Ne4 Nxe4 11. Bxe4 g6 12. d3 a5 13. g4 Bf8 14. h4 a4 15. Bd2 Na5 16. Bxa5 Bxe4 17. dxe4 Rxa5 18. Rd1 d6 19. Rd5 Qd7 20. Rg1 Raa8 21. h5 Rab8 22. hxg6 hxg6 23. Ke2 b5 24. c5 b4 25. c6 Qc8 26. Qxa4 bxa3 27. bxa3 Ra8 28. Qc4 Rxa3 29. Ng5 Qa6 30. Rb5 Re7 31. Rgb1 Ra4 32. Qd5 Ra2+ 33. Kf3 Rc2 34. Kg3 Bh6 35. Rb8+ Kg7 36. Nf3 Qe2 37. g5 Qxf2+ 38. Kg4 Qg2+ 39. Kh4 Qf2+ 40. Kg4 Qg2+ 41. Kh4 Qxf3 42. gxh6+ Kf6 43. Qe6+ 0-1


[Site "https://www.chess.com"]

[Event "Titled Tuesday Blitz February 07 Late 2023"]
[White "Duda, Jan-Krzysztof"]
[Black "Zhigalko, Sergei"]
[WhiteFideId "1170546"]
[BlackFideId "13502956"]
[WhiteElo "2724"]
[BlackElo "2572"]
[Result "1/2-1/2"]
[Round "07"]
[TimeControl "180+2"]
[Date "2023.02.07"]
[WhiteClock "0:00:09"]
[BlackClock "0:00:11"]

1. d4 Nf6 2. Bg5 d5 3. e3 c5 4. c3 Ne4 5. Bf4 Nc6 6. Bd3 Qb6 7. Qb3 Nf6 8. Qxb6 axb6 9. Bb5 Bd7 10. Nd2 e6 11. Ngf3 Be7 12. O-O h6 13. a4 Na7 14. Be2 O-O 15. Bc7 Nc8 16. Ne5 Bd6 17. Bxd6 Nxd6 18. b3 Rfc8 19. Rfc1 Be8 20. f3 Rc7 21. Kf2 Rac8 22. Rd1 cxd4 23. cxd4 Rc2 24. Bd3 R2c3 25. Ke2 Nd7 26. Ra2 f6 27. Nxd7 Bxd7 28. Rb2 e5 29. Nb1 R3c7 30. dxe5 fxe5 31. Bg6 Be6 32. h4 Kf8 33. h5 Ke7 34. Rbd2 Ne8 35. Kf2 Nf6 36. Na3 Rc1 37. Nb5 Rxd1 38. Rxd1 e4 39. Nd4 Rc3 40. Rd2 Bd7 41. Ra2 Kd6 42. a5 bxa5 43. Rxa5 Rc1 44. Ra7 Bc8 45. Ra8 Kc7 46. Bf5 Bxf5 47. Nxf5 Rc2+ 48. Kf1 Nxh5 49. Rf8 g6 50. Nd4 Ng3+ 51. Kg1 Ne2+ 52. Nxe2 Rxe2 53. fxe4 dxe4 54. Rf6 Rxe3 55. Rxg6 Rxb3 56. Rxh6 e3 57. Kf1 b5 58. g4 Rb2 59. g5 Rf2+ 60. Ke1 Rg2 61. g6 Kb7 62. Rh3 Rxg6 63. Rxe3 Rd6 64. Rb3 Kb6 65. Rb1 Kc5 66. Rc1+ Kb6 67. Rb1 Rd4 68. Ke2 Kc5 69. Ke3 Rc4 70. Kd3 Kb6 71. Ra1 Kc5 72. Rb1 Kc6 73. Ra1 Kb6 74. Ra2 Kc5 75. Rb2 b4 76. Rh2 Rc3+ 77. Kd2 Kc4 78. Rh1 Rd3+ 79. Kc2 Rc3+ 80. Kb1 Re3 81. Rg1 Kb3 82. Rh1 Ka3 83. Rg1 Re2 84. Rg3+ b3 85. Rg1 Rb2+ 86. Ka1 Ra2+ 87. Kb1 Rh2 88. Ka1 Kb4 89. Kb1 Ka4 90. Rg4+ Ka3 91. Rg1 Rf2 92. Rh1 Ra2 93. Rg1 Rb2+ 94. Ka1 Rc2 95. Kb1 Ra2 96. Rg8 Rb2+ 97. Ka1 Rh2 98. Rg1 Rf2 99. Kb1 Rd2 100. Rh1 Rd3 101. Rg1 Rc3 102. Rh1 Rd3 103. Rg1 Kb4 104. Rh1 Kc3 105. Rc1+ Kd4 106. Kb2 Rd2+ 107. Kxb3 Rd3+ 108. Kc2 Rc3+ 109. Kd2 Rxc1 110. Kxc1 1/2-1/2


[Site "https://www.chess.com"]

[Event "Titled Tuesday Blitz February 07 Late 2023"]
[White "Salem, A.R. Saleh"]
[Black "Boros, Denes"]
[WhiteFideId "9301348"]
[BlackFideId "722340"]
[WhiteElo "2677"]
[BlackElo "2406"]
[Result "1-0"]
[Round "07"]
[TimeControl "180+2"]
[Date "2023.02.07"]
[WhiteClock "0:00:10"]
[BlackClock "0:00:12"]

1. d4 Nf6 2. c4 e6 3. Nc3 Bb4 4. a3 Bxc3+ 5. bxc3 a6 6. f3 b5 7. e4 bxc4 8. Bxc4 d5 9. Bd3 c5 10. e5 Nfd7 11. Ne2 a5 12. O-O Ba6 13. Bxa6 Nxa6 14. Ng3 O-O 15. f4 f5 16. Be3 Nb6 17. Kh1 Nc4 18. Bg1 Rb8 19. Nh5 cxd4 20. Bxd4 Rb2 21. Rf3 Nc7 22. Rg3 Ne8 23. Qf3 Kh8 24. Rg1 Qe7 25. a4 Qb7 26. Rh3 Nd2 27. Qg3 Qf7 28. Qh4 g6 29. Nf6 Nxf6 30. exf6 Ne4 31. Qxh7+ 1-0


[Site "https://www.chess.com"]

[Event "Titled Tuesday Blitz February 07 Late 2023"]
[White "Borges Feria, Yasel"]
[Black "Kollars, Dmitrij"]
[WhiteFideId "3504921"]
[BlackFideId "12909572"]
[WhiteElo "2439"]
[BlackElo "2607"]
[Result "0-1"]
[Round "07"]
[TimeControl "180+2"]
[Date "2023.02.07"]
[WhiteClock "0:00:12"]
[BlackClock "0:00:09"]

1. e4 e5 2. Nf3 Nc6 3. Bb5 a6 4. Bxc6 dxc6 5. Nc3 f6 6. d4 exd4 7. Qxd4 Qxd4 8. Nxd4 Bd7 9. Be3 O-O-O 10. O-O-O Ne7 11. f3 Ng6 12. Nde2 h5 13. h4 Bd6 14. Bf2 Rde8 15. Bg3 Ne5 16. b3 b5 17. Kb2 b4 18. Nb1 c5 19. Nd2 Bb5 20. Rhe1 g5 21. Nf1 g4 22. f4 Ng6 23. f5 Bxg3 24. Nexg3 Nxh4 25. Rd2 Bc6 26. Rf2 Nxg2 27. Rxg2 h4 28. Nd2 hxg3 29. Rxg3 Rh2 30. Nf1 Rf2 31. Rxg4 Rxe4 32. Rgxe4 Bxe4 33. Rxe4 Rxf1 34. Re6 Rxf5 35. Rxa6 Kd7 36. a4 bxa3+ 37. Kxa3 Rf2 38. Kb2 c6 39. Ra7+ Kd6 40. Ra8 f5 41. Kc3 f4 42. Kd3 Ke5 43. Rf8 Rf1 44. Rc8 Rd1+ 45. Ke2 Rd6 46. Kf3 Kd4 47. Kxf4 Kc3 48. Ke5 Rh6 49. Rf8 Kxc2 50. Rb8 Kc3 51. Rb7 Kd3 52. Rb8 Kc2 53. Rb7 Kc3 54. Rb8 Rg6 55. Rb7 c4 56. bxc4 Kxc4 57. Ke4 Re6+ 58. Kf3 Re1 59. Kf2 Re8 60. Rb2 c5 61. Rc2+ Kb4 62. Rb2+ Kc3 63. Rb6 c4 64. Rb7 Kc2 65. Rc7 c3 66. Rb7 Kd2 67. Rd7+ Kc1 68. Rc7 c2 69. Rc6 Re5 70. Kf3 Kd2 71. Rd6+ Kc3 72. Rc6+ Kd3 73. Kf2 Re4 0-1


[Site "https://www.chess.com"]

[Event "Titled Tuesday Blitz February 07 Late 2023"]
[White "Bolourchifard, Farzad"]
[Black "Bluebaum, Matthias"]
[WhiteFideId "12510084"]
[BlackFideId "24651516"]
[WhiteElo "2292"]
[BlackElo "2669"]
[Result "0-1"]
[Round "07"]
[TimeControl "180+2"]
[Date "2023.02.07"]
[WhiteClock "0:00:01"]
[BlackClock "0:01:47"]

1. e4 e6 2. d4 d5 3. exd5 exd5 4. Nf3 Nc6 5. Bd3 Nb4 6. Bb5+ c6 7. Be2 Bf5 8. Na3 Na6 9. Bxa6 Qa5+ 10. c3 Qxa6 11. Qe2+ Qxe2+ 12. Kxe2 Bd6 13. Re1 Ne7 14. Nb1 O-O 15. Bg5 Ng6 16. Nbd2 f6 17. Be3 Nf4+ 18. Bxf4 Bxf4 19. g3 Bd6 20. Kf1 g5 21. Kg2 h5 22. h4 g4 23. Nh2 Bd7 24. Nb3 b6 25. Nc1 Bf5 26. Nf1 Be4+ 27. Kg1 f5 28. Nd2 Bc2 29. Ne2 f4 30. Nxf4 Bxf4 31. gxf4 Rxf4 32. Nf1 Raf8 33. Re2 Bd3 34. Rd2 Bxf1 35. Rxf1 Rf3 36. Kg2 g3 37. Re2 R8f4 38. Re5 Rxf2+ 39. Rxf2 gxf2 40. Kf1 Rxh4 41. Re7 Rf4 42. Rxa7 h4 43. Re7 h3 44. Re3 Rh4 45. Rg3+ Kh7 46. Kxf2 h2 0-1


[Site "https://www.chess.com"]

[Event "Titled Tuesday Blitz February 07 Late 2023"]
[White "Dominguez Perez, Leinier"]
[Black "Maksimovic, Bojan"]
[WhiteFideId "3503240"]
[BlackFideId "14408120"]
[WhiteElo "2739"]
[BlackElo "2486"]
[Result "1-0"]
[Round "07"]
[TimeControl "180+2"]
[Date "2023.02.07"]
[WhiteClock "0:00:20"]
[BlackClock "0:00:01"]

1. d4 Nf6 2. Nf3 d6 3. e3 Nbd7 4. Be2 e5 5. O-O Be7 6. c4 O-O 7. Nc3 c6 8. Qc2 Qc7 9. Rd1 Re8 10. b4 Bf8 11. Bb2 exd4 12. Nxd4 Ne5 13. h3 Bd7 14. Rd2 Rad8 15. Rad1 Bc8 16. a3 Ng6 17. Nf5 a6 18. Ng3 Nh4 19. Rd4 Ng6 20. Nce4 Nxe4 21. Nxe4 Ne5 22. Qd2 d5 23. cxd5 cxd5 24. Rxd5 Rxd5 25. Qxd5 Nc6 26. Rc1 Rd8 27. Qg5 h6 28. Qh5 Qe7 29. Bf3 Be6 30. Qc5 Qh4 31. Qc3 Bd5 32. Nd2 Qg5 33. Bxd5 Qxd5 34. Nf3 Qe4 35. Qb3 Rd6 36. Qc2 Qd5 37. Qc4 Qf5 38. Nd4 Nxd4 39. Bxd4 Rg6 40. Qc8 Qe4 41. g3 1-0


[Site "https://www.chess.com"]

[Event "Titled Tuesday Blitz February 07 Late 2023"]
[White "Godzwon, Iwo"]
[Black "Chigaev, Maksim"]
[WhiteFideId "21802483"]
[BlackFideId "4108116"]
[WhiteElo "2394"]
[BlackElo "2628"]
[Result "0-1"]
[Round "07"]
[TimeControl "180+2"]
[Date "2023.02.07"]
[WhiteClock "0:00:02"]
[BlackClock "0:00:06"]

1. e4 c5 2. Nf3 e6 3. d4 cxd4 4. Nxd4 Nf6 5. Nc3 Nc6 6. Ndb5 d6 7. Bf4 e5 8. Bg5 a6 9. Na3 b5 10. Nd5 Be7 11. Bxf6 Bxf6 12. c3 Ne7 13. Nxf6+ gxf6 14. Bd3 Bb7 15. Qe2 d5 16. O-O-O Qc7 17. Kb1 O-O-O 18. Rhe1 Kb8 19. Nc2 f5 20. exf5 e4 21. Nd4 Qxh2 22. f3 Rhe8 23. fxe4 dxe4 24. Bc2 Nd5 25. Rh1 Qg3 26. Rh3 Qg7 27. g3 e3 28. Rdh1 h6 29. a4 b4 30. Rxh6 Rc8 31. Bb3 bxc3 32. Bxd5 Qxd4 33. Bxb7 Qd2 34. Bxa6 c2+ 35. Ka2 Qxe2 36. Bxe2 c1=Q 37. Rxc1 Rxc1 38. Rb6+ Kc7 39. Rb3 Rc2 40. Bd3 Rd2 41. Rc3+ Kd8 42. Bb5 e2 0-1


[Site "https://www.chess.com"]

[Event "Titled Tuesday Blitz February 07 Late 2023"]
[White "Ibarra Jerez, Jose Carlos"]
[Black "Ozates, Tuna"]
[WhiteFideId "2226332"]
[BlackFideId "6354521"]
[WhiteElo "2563"]
[BlackElo "2251"]
[Result "1-0"]
[Round "07"]
[TimeControl "180+2"]
[Date "2023.02.07"]
[WhiteClock "0:00:04"]
[BlackClock "0:00:08"]

1. e4 c5 2. Nc3 Nc6 3. Nge2 d6 4. d4 cxd4 5. Nxd4 e5 6. Nf3 Nf6 7. Bg5 Be6 8. Bxf6 Qxf6 9. Nd5 Qd8 10. c3 Be7 11. Bc4 O-O 12. a4 Rc8 13. O-O Na5 14. Ba2 Nc4 15. Qe2 Nb6 16. Rfd1 Rc5 17. Ne3 Rc8 18. a5 Nd7 19. Bd5 Rb8 20. Qc4 b5 21. Qa2 Nc5 22. Nxe5 Qc8 23. Nc6 Qxc6 24. Bxc6 Bxa2 25. Rxa2 Bg5 26. Nf5 b4 27. h4 Bf6 28. g3 bxc3 29. bxc3 Bxc3 30. Rxd6 Rb1+ 31. Kg2 g6 32. Ne3 Ne6 33. a6 Rfb8 34. Rd7 Bd4 35. Ng4 R8b2 36. Rxb2 Rxb2 37. Bd5 Bb6 38. Nh6+ Kg7 39. Rxf7+ Kxh6 40. Bxe6 Re2 41. Bd5 Rd2 42. g4 g5 43. Rf6+ Kg7 44. hxg5 Be3 45. Rf5 Kg6 46. Rf7 Kxg5 47. Rxh7 Kxg4 48. Rf7 Bb6 49. Be6+ Kg5 50. Rf5+ Kg6 51. Bd5 Kg7 52. Kg3 Kg6 53. f4 Rd3+ 54. Kg4 Rd1 55. Rg5+ Kh6 56. Kf5 Ra1 57. Bb7 Ra5+ 58. e5 Be3 59. Rg6+ Kh7 60. Rg3 Bb6 61. Be4 Kh8 62. Bd3 Rd5 63. Ke6 Rd8 64. Rh3+ Kg8 65. Ke7 Rd4 66. Bf5 Rxf4 67. Be6+ Kg7 68. Rg3+ Kh6 69. Rg2 Re4 70. Kf6 Rf4+ 71. Bf5 Bf2 72. Rg6+ Kh5 73. Rg7 Bh4+ 74. Ke6 Ra4 75. Rxa7 Bf2 76. Rh7+ Kg5 77. Rg7+ Kf4 78. Bd3 Ra5 79. Rf7+ Ke3 80. Bc4 Bg3 81. Rf5 Kd4 82. Bf1 Bxe5 83. Kd7 Rd5+ 84. Kc6 Rd6+ 85. Kb7 Kd5 86. Bg2+ Ke6 87. Rf1 Rd7+ 88. Kb6 Bd4+ 89. Kb5 Ke5 90. Bc6 Rh7 91. Re1+ Kd6 92. Rd1 Ke5 93. Bb7 Ba7 94. Kc4 Ke6 95. Re1+ Kd6 96. Rd1+ Kc7 97. Be4 Kb8 98. Bxh7 1-0


[Site "https://www.chess.com"]

[Event "Titled Tuesday Blitz February 07 Late 2023"]
[White "Stoyanov, Tsvetan"]
[Black "Carlsen, Magnus"]
[WhiteFideId "2917173"]
[BlackFideId "1503014"]
[WhiteElo "2454"]
[BlackElo "2853"]
[Result "0-1"]
[Round "07"]
[TimeControl "180+2"]
[Date "2023.02.07"]
[WhiteClock "0:00:03"]
[BlackClock "0:01:25"]

1. c4 g6 2. Nc3 Bg7 3. Nf3 e6 4. e4 Ne7 5. d4 d5 6. Bd3 O-O 7. O-O Nbc6 8. Be3 dxe4 9. Bxe4 Nf5 10. Bg5 f6 11. Be3 Nxe3 12. fxe3 Ne7 13. Qe2 f5 14. Bc2 Bd7 15. Rad1 Nc6 16. e4 Qe7 17. e5 Rad8 18. a3 g5 19. d5 g4 20. dxc6 gxf3 21. Qxf3 Bxc6 22. Qe3 Qh4 23. Ne2 Rxd1 24. Bxd1 Qe4 25. Qxe4 Bxe4 26. Nd4 Kf7 27. Nf3 Ke7 28. Kf2 Rd8 29. Be2 Bxf3 30. Kxf3 Rd2 31. b4 Ra2 32. Rd1 Rxa3+ 33. Rd3 Rxd3+ 34. Bxd3 Bxe5 35. g4 Kf6 36. gxf5 exf5 37. h3 Bc3 38. b5 a5 39. bxa6 bxa6 40. Bc2 Ke5 41. Ba4 a5 42. Bd7 h6 43. c5 Bd4 44. c6 a4 45. Be8 a3 46. Bf7 f4 47. Ba2 Be3 48. Kg4 Kd4 49. Be6 Kc3 50. Bd5 Kb2 0-1


[Site "https://www.chess.com"]

[Event "Titled Tuesday Blitz February 07 Late 2023"]
[White "Ramirez, Alejandro"]
[Black "Dubov, Daniil"]
[WhiteFideId "6500617"]
[BlackFideId "24126055"]
[WhiteElo "2572"]
[BlackElo "2708"]
[Result "0-1"]
[Round "07"]
[TimeControl "180+2"]
[Date "2023.02.07"]
[WhiteClock "0:00:12"]
[BlackClock "0:00:03"]

1. e4 c5 2. d4 cxd4 3. Qxd4 Nc6 4. Qd3 Nf6 5. Nc3 e5 6. Nf3 Bb4 7. Bd2 O-O 8. a3 Bxc3 9. Bxc3 d5 10. Nxe5 Nxe4 11. Nxc6 bxc6 12. Be2 Nxc3 13. Qxc3 Re8 14. Kf1 Bf5 15. Re1 d4 16. Qd2 Qd5 17. h4 Re5 18. Bd3 Bxd3+ 19. cxd3 Rae8 20. Rxe5 Rxe5 21. Rh3 h5 22. Rg3 c5 23. Kg1 g6 24. Qf4 Qe6 25. Kh2 Kg7 26. b4 Rf5 27. Qd2 cxb4 28. axb4 Qf6 29. Kg1 Qxh4 30. Qa2 Re5 31. Rh3 Qe7 32. Qb2 Re1+ 33. Kh2 Qe5+ 34. g3 Qd5 35. f3 Qxf3 36. Qxd4+ Kh7 37. Rxh5+ Qxh5+ 0-1


[Site "https://www.chess.com"]

[Event "Titled Tuesday Blitz February 07 Late 2023"]
[White "Martinez Alcantara, Jose Eduardo"]
[Black "Milikow, Yoav"]
[WhiteFideId "3805662"]
[BlackFideId "2822237"]
[WhiteElo "2619"]
[BlackElo "2394"]
[Result "0-1"]
[Round "07"]
[TimeControl "180+2"]
[Date "2023.02.07"]
[WhiteClock "0:00:01"]
[BlackClock "0:00:03"]

1. e4 e5 2. Nf3 Nc6 3. Nc3 Nf6 4. h3 d5 5. exd5 Nxd5 6. Bb5 Nxc3 7. bxc3 Bd6 8. O-O O-O 9. d4 exd4 10. cxd4 h6 11. Rb1 Qf6 12. Bb2 Qg6 13. Bd3 Qh5 14. Be2 Re8 15. d5 Bxh3 16. gxh3 Qxh3 17. Qd3 Qg4+ 18. Kh1 Qh3+ 19. Kg1 Qg4+ 20. Kh1 Nb4 21. Qd4 Re4 22. Qxg7+ Qxg7 23. Bxg7 Kxg7 24. Bd1 Nxd5 25. Rxb7 Nb6 26. c3 Kf6 27. Rg1 Re7 28. Nd4 a6 29. Bf3 Rae8 30. Ra7 Re1 31. Rxa6 Rxg1+ 32. Kxg1 Re1+ 33. Kg2 Rc1 34. Nb5 Be5 35. a4 Ke7 36. Ra7 Ra1 37. a5 Nc8 38. Ra8 Nd6 39. Nxc7 Kd7 40. Nd5 Nc4 41. a6 Bd6 42. Ra7+ Ke6 0-1


[Site "https://www.chess.com"]

[Event "Titled Tuesday Blitz February 07 Late 2023"]
[White "Sjugirov, Sanan"]
[Black "Oganian, Miran"]
[WhiteFideId "4189302"]
[BlackFideId "4122488"]
[WhiteElo "2712"]
[BlackElo "2439"]
[Result "0-1"]
[Round "07"]
[TimeControl "180+2"]
[Date "2023.02.07"]
[WhiteClock "0:00:02"]
[BlackClock "0:00:16"]

1. d4 d5 2. c4 e6 3. Nf3 a6 4. cxd5 exd5 5. Nc3 c6 6. Qc2 Nf6 7. Bg5 Be7 8. e3 Nbd7 9. Bd3 O-O 10. O-O Re8 11. Bf4 Nf8 12. h3 Ng6 13. Bh2 Bd6 14. Bxd6 Qxd6 15. Rab1 Nd7 16. b4 Qf6 17. a4 Ndf8 18. Qd1 b5 19. Rc1 Bd7 20. a5 Qd6 21. Qb3 Qf6 22. Be2 Rac8 23. Rfe1 Bf5 24. Nb1 Be4 25. Nbd2 Bf5 26. Bd3 Bxd3 27. Qxd3 Ne6 28. Nb3 h6 29. Nc5 Nxc5 30. Rxc5 Re6 31. Rec1 Nh4 32. Nxh4 Qxh4 33. Rxd5 Rg6 34. Qf5 Re8 35. Rdc5 Ree6 36. d5 Ref6 37. Qc8+ Kh7 38. R1c2 Qe4 39. g3 Rf3 40. dxc6 Rd6 41. Kh2 Rd1 42. Qg4 Rxf2+ 43. Rxf2 Qh1# 0-1


[Site "https://www.chess.com"]

[Event "Titled Tuesday Blitz February 07 Late 2023"]
[White "Makridis, Dimitrios"]
[Black "Kamsky, Gata"]
[WhiteFideId "25864475"]
[BlackFideId "2000024"]
[WhiteElo "2356"]
[BlackElo "2665"]
[Result "1-0"]
[Round "07"]
[TimeControl "180+2"]
[Date "2023.02.07"]
[WhiteClock "0:00:22"]
[BlackClock "0:00:02"]

1. e4 g6 2. d4 Bg7 3. Nc3 d6 4. f4 Nd7 5. Nf3 e6 6. Bc4 Ngf6 7. Bb3 O-O 8. O-O Nb6 9. Qe1 a5 10. a4 Bd7 11. Kh1 Bc6 12. f5 exf5 13. exf5 Re8 14. Qh4 Bxf3 15. gxf3 d5 16. Bg5 c6 17. Rg1 Qd6 18. fxg6 fxg6 19. Ne4 Nxe4 20. fxe4 Nc4 21. e5 Qe6 22. c3 Rf8 23. Bd1 Qf5 24. Bg4 Qe4+ 25. Rg2 Rae8 26. Bd7 Qxh4 27. Bxh4 Ra8 28. e6 Nb6 29. e7 Nxd7 30. exf8=Q+ Rxf8 31. Rf2 Re8 32. Kg1 Nb6 33. b3 Nc8 34. Rff1 Nd6 35. Rae1 Ne4 36. Kg2 Ra8 37. Rf3 h5 38. c4 Re8 39. cxd5 cxd5 40. Rc3 Re6 41. Rc8+ Kh7 42. Rc7 Rb6 43. Bg3 Kh6 44. Bf4+ g5 45. Be5 Bxe5 46. dxe5 Kg6 47. Rf1 g4 48. Rd7 Rxb3 49. Rxd5 Rb2+ 50. Kh1 g3 51. e6 g2+ 52. Kg1 gxf1=Q+ 53. Kxf1 Rb1+ 54. Kg2 Rb2+ 55. Kf3 Nf6 56. Rxa5 Rb3+ 57. Kf4 Rb4+ 58. Ke5 Re4+ 59. Kd6 Re2 60. h4 Ne4+ 61. Ke7 Nf6 62. Rg5+ Kh6 63. Kxf6 Rf2+ 64. Rf5 Re2 65. e7 1-0


[Site "https://www.chess.com"]

[Event "Titled Tuesday Blitz February 07 Late 2023"]
[White "Nasuta, Grzegorz"]
[Black "Rasulov, Vugar"]
[WhiteFideId "1141686"]
[BlackFideId "13402390"]
[WhiteElo "2552"]
[BlackElo "2523"]
[Result "0-1"]
[Round "07"]
[TimeControl "180+2"]
[Date "2023.02.07"]
[WhiteClock "0:00:03"]
[BlackClock "0:00:06"]

1. e4 c5 2. Nf3 Nc6 3. Bb5 d6 4. O-O Bd7 5. Re1 a6 6. Bf1 Bg4 7. c3 e5 8. h3 Bxf3 9. Qxf3 Nf6 10. d3 Be7 11. Nd2 b5 12. Qd1 O-O 13. Nf3 Qb6 14. g3 Rfe8 15. Bg2 Bf8 16. Be3 Rad8 17. Bg5 Be7 18. Qc2 h6 19. Be3 d5 20. Nh4 d4 21. Bd2 c4 22. dxc4 d3 23. Qc1 bxc4 24. Nf5 Bf8 25. Rb1 Na5 26. Be3 Qb5 27. Qd2 Qa4 28. Bf3 Re6 29. g4 Nh7 30. h4 Rb8 31. Rec1 Nf6 32. g5 hxg5 33. hxg5 Nh7 34. Bg4 Qc6 35. f3 Nb7 36. Kg2 Rg6 37. Rh1 f6 38. Bh5 Rxg5+ 39. Bxg5 fxg5 40. Ne3 Nd6 41. Bg6 Nf6 42. Rh2 Ndxe4 43. Rbh1 Nh5 44. Bxe4 Nf4+ 45. Kf1 Qa4 46. Ng4 Qxa2 47. Nxe5 g6 48. Nxg6 Qa1+ 49. Kf2 Rxb2 50. Rxa1 Rxd2+ 51. Kg3 Ne2+ 52. Rxe2 dxe2 53. Re1 Bc5 54. Kg2 a5 55. Ne5 a4 56. Nxc4 Ra2 57. Bd3 Kg7 58. Rxe2 Ra1 59. Ne5 a3 60. Nd7 Bd6 61. Nb6 a2 62. Bc4 Rg1+ 63. Kxg1 a1=Q+ 64. Kg2 Qxc3 65. Re4 Qb2+ 66. Kf1 Qxb6 67. Ke2 Qb2+ 68. Kd3 Bc5 69. Re7+ Bxe7 0-1


[Site "https://www.chess.com"]

[Event "Titled Tuesday Blitz February 07 Late 2023"]
[White "Dardha, Daniel"]
[Black "Koziorowicz, Michal"]
[WhiteFideId "240990"]
[BlackFideId "21809194"]
[WhiteElo "2631"]
[BlackElo "2307"]
[Result "1-0"]
[Round "07"]
[TimeControl "180+2"]
[Date "2023.02.07"]
[WhiteClock "0:00:56"]
[BlackClock "0:00:12"]

1. Nf3 Nf6 2. g3 g6 3. Bg2 Bg7 4. O-O O-O 5. c4 c6 6. d4 d5 7. Nc3 dxc4 8. a4 Bf5 9. Ne5 Nbd7 10. Nxc4 Nb6 11. Ne5 Nbd5 12. a5 Nxc3 13. bxc3 Ne4 14. Qb3 Bxe5 15. dxe5 Nc5 16. Qb4 b6 17. Be3 Rb8 18. axb6 axb6 19. Ra7 Ne6 20. Qxe7 Qxe7 21. Rxe7 Rfd8 22. h3 h5 23. f3 Bc2 24. g4 h4 25. f4 Ba4 26. f5 Nf8 27. Bg5 Bb5 28. e6 fxe6 29. fxg6 Nxg6 30. Rxe6 Nf8 31. Re7 Re8 32. Rff7 Rxe7 33. Rxe7 Ra8 34. Be4 Ra1+ 35. Kf2 Bc4 36. Bf5 Bf7 37. Bh6 Ng6 38. Bxg6 Bxg6 39. Rg7+ Kh8 40. Rxg6 Kh7 41. Rxc6 1-0


[Site "https://www.chess.com"]

[Event "Titled Tuesday Blitz February 07 Late 2023"]
[White "Makhnev, Denis"]
[Black "Javakhadze, Zurab"]
[WhiteFideId "13707647"]
[BlackFideId "13603647"]
[WhiteElo "2483"]
[BlackElo "2459"]
[Result "1-0"]
[Round "07"]
[TimeControl "180+2"]
[Date "2023.02.07"]
[WhiteClock "0:01:37"]
[BlackClock "0:01:12"]

1. d4 d5 2. c4 e6 3. Nf3 Nf6 4. Nc3 Nbd7 5. Bf4 Be7 6. e3 O-O 7. c5 c6 8. h3 b6 9. b4 a5 10. a3 Ne4 11. Nxe4 dxe4 12. Ne5 Nxe5 13. Bxe5 Ba6 14. Bxa6 Rxa6 15. Qg4 f6 16. Qxe6+ Kh8 17. b5 cxb5 18. Bg3 Qc8 19. Qxe7 1-0


[Site "https://www.chess.com"]